 Dungeon Crawl Stone Soup version 0.32-a0-665-g3d30ec2550 (webtiles) character file.

Game seed: 5528371163653836847

601822 nuthulu the Conqueror (level 26, -9/266 HPs)
             Began as a Minotaur Fighter on Mar 9, 2024.
             Was the Champion of the Shining One.
             Mangled by a large abomination (20 damage)
             ... while paralysed by accursed screaming
             ... on level 7 of the Abyss.
             The game lasted 01:47:53 (50135 turns).

nuthulu the Conqueror (Minotaur Fighter)           Turns: 50135, Time: 01:47:54

Health: -9/266     AC: 42    Str: 38    XL:     26   Next: 51%
Magic:  23/33      EV:  2    Int:  3    God:    the Shining One [******]
Gold:   6715       SH:  0    Dex: 20    Spells: 25/25 levels left

rFire   + + +        k - +7 broad axe of the Riding Wolf {heavy, rF+ rN+}
rCold   + . .        A - +5 kite shield "Jismuago" {+Inv rPois}
rNeg    + + +        P - +9 gold dragon scales
rPois   +            K - +0 hat of the Known World {Str+5}
rElec   +            n - +2 cloak {rCorr}
rCorr   +            N - +0 pair of gloves of Aninij {rN+ Str+3}
SInv    .            Q - +2 pair of slick slippers {slick, slippery, EV+4}
Will    ++...        R - amulet of Fouz Yng {Reflect rElec rF++ Str-3 SH+5} Stlth
                     w - ring "Gyjilics" {rF+ rCorr Str+3 Dex+3}
HPRegen 0.00/turn    V - ring of Sepy {Will+ Dex+6}
MPRegen 0.23/turn

%: reflection
@: paralysed, sick, hasted, glowing
A: horns 2, retaliatory headbutt, dopey 1, (teleportitis 1), weak 1
}: 3/15 runes: decaying, serpentine, silver
a: Renounce Religion, Evoke Invisibility, Divine Shield, Cleansing Flame, Summon
Divine Warrior


You were on level 7 of the Abyss.
You worshipped the Shining One.
The Shining One was exalted by your worship.
You visited 10 branches of the dungeon, and saw 46 of its levels.
You visited the Abyss 1 time.
You also visited: Ossuary and Wizlab.

You collected 8656 gold pieces.
You spent 1941 gold pieces at shops.

Inventory:

Hand Weapons
 e - a +5 morningstar of electrocution
 k - the +7 broad axe of the Riding Wolf (weapon) {heavy, rF+ rN+}
   (Okawaru gifted it to you on level 4 of the Lair of Beasts)

   rF+:       It protects you from fire.
   rN+:       It protects you from negative energy.
 z - a +9 executioner's axe of holy wrath
Missiles
 h - 4 throwing nets (quivered)
Armour
 n - a +2 cloak of preservation (worn)
 A - the +5 kite shield "Jismuago" (worn) {+Inv rPois}
   (You found it on level 8 of the Dungeon)

   rPois:     It protects you from poison.
   +Inv:      It lets you turn invisible.
 J - the +6 chain mail of Leapfrog {+Inv rC- Will+++ Regen+}
   (You found it on level 4 of the Lair of Beasts)

   rC-:       It makes you vulnerable to cold.
   Will+++:   It greatly increases your willpower.
   +Inv:      It lets you turn invisible.
   Regen+:    It increases your rate of health regeneration.
 K - the +0 hat of the Known World (worn) {Str+5}
   (You found it on level 2 of the Lair of Beasts)

   Str+5:     It affects your strength (+5).
 N - the +0 pair of gloves of Aninij (worn) {rN+ Str+3}
   (Okawaru gifted it to you on level 4 of the Lair of Beasts)

   Str+3:     It affects your strength (+3).
   rN+:       It protects you from negative energy.
 P - +9 gold dragon scales (worn)
 Q - the +2 pair of slick slippers (worn) {slick, slippery, EV+4}
   (You acquired it on level 2 of the Vaults)

   Slick:     Its wearer cannot be constricted, engulfed, netted, webbed, or
   stopped by binding sigils.
   Slippery:  Its wearer slips away from damaging melee attacks, pulling the
   attacker onward.
   EV+4:      It affects your evasion (+4).
Jewellery
 i - a +5 ring of evasion
 v - a ring of protection from cold
 w - the ring "Gyjilics" (left hand) {rF+ rCorr Str+3 Dex+3}
   (You acquired it on level 5 of the Dungeon)

   [ring of protection from fire]

   Str+3:     It affects your strength (+3).
   Dex+3:     It affects your dexterity (+3).
   rF+:       It protects you from fire.
   rCorr:     It protects you from acid and corrosion.
 C - a ring of flight
 L - the ring of Gozag's Delight {Fly rF+ Will+ rCorr Str-3}
   (You found it on level 2 of the Lair of Beasts)

   [ring of flight]

   Str-3:     It affects your strength (-3).
   rF+:       It protects you from fire.
   Will+:     It increases your willpower.
   Fly:       It grants you flight.
   rCorr:     It protects you from acid and corrosion.
 O - a +6 ring of dexterity
 R - the amulet of Fouz Yng (around neck) {Reflect rElec rF++ Str-3 SH+5}
   (You bought it in a shop on level 2 of the Orcish Mines)

   [amulet of reflection]

   Reflect:   It reflects blocked missile attacks.
   Str-3:     It affects your strength (-3).
   rF++:      It greatly protects you from fire.
   rElec:     It insulates you from electricity.
   SH+5:      It affects your SH (+5).
 S - a ring of see invisible
 U - a +5 ring of evasion
 V - the ring of Sepy (right hand) {Will+ Dex+6}
   (You found it on level 14 of the Dungeon)

   [ring of dexterity]

   Dex+6:     It affects your dexterity (+6).
   Will+:     It increases your willpower.
 Y - an amulet of guardian spirit
Wands
 a - a wand of flame (105)
 g - a wand of polymorph (7)
 H - a wand of iceblast (26)
 T - a wand of digging (1)
 Z - a wand of mindburst (40)
Scrolls
 b - 7 scrolls of revelation
 o - 8 scrolls of fear
 s - 13 scrolls of teleportation
 x - a scroll of silence
 y - 14 scrolls of fog
 D - 4 scrolls of blinking
 E - 33 scrolls of identify
 F - 11 scrolls of vulnerability
 G - 7 scrolls of immolation
 I - 5 scrolls of torment
 W - 2 scrolls of brand weapon
 X - 2 scrolls of poison
Potions
 c - 5 potions of cancellation
 d - a potion of might
 f - 3 potions of heal wounds
 j - 8 potions of enlightenment
 l - 6 potions of mutation
 m - 18 potions of curing
 p - a potion of resistance
 q - 5 potions of haste
 r - 5 potions of lignification
 t - 11 potions of attraction
 u - 2 potions of invisibility
 B - 4 potions of brilliance
 M - 4 potions of magic


   Skills:
 O Level 27 Fighting
 + Level 26.0 Axes
 - Level 24.3 Armour
 + Level 22.0 Dodging
 + Level 23.5 Shields
 + Level 15.2 Unarmed Combat
 - Level 15.2 Invocations


You had 25 spell levels left.
You didn't know any spells.
Your spell library contained the following spells:

 Spells                   Type           Power      Damage    Failure   Level
 Apportation              Tloc           0%         N/A       97%         1
 Foxfire                  Conj/Fire      0%         2x1d4     97%         1
 Freeze                   Ice            0%         1d3       97%         1
 Kiss of Death            Conj/Necr      0%         2d5       97%         1
 Magic Dart               Conj           0%         1d3       97%         1
 Necrotise                Necr           0%         1d4       97%         1
 Sandblast                Erth           0%         2d4       97%         1
 Blink                    Tloc           0%         N/A       99%         2
 Call Imp                 Summ           0%         N/A       99%         2
 Cigotuvi's Dreadful Rot  Necr/Alch/Air  0%         N/A       99%         2
 Ensorcelled Hibernation  Hex/Ice        0%         N/A       99%         2
 Jinxbite                 Hex            0%         N/A       99%         2
 Lesser Beckoning         Tloc           0%         N/A       99%         2
 Mercury Vapours          Alch/Air       0%         N/A       99%         2
 Sublimation of Blood     Necr           0%         N/A       99%         2
 Confusing Touch          Hex            0%         N/A       100%        3
 Dazzling Flash           Conj/Hex       0%         N/A       100%        3
 Frozen Ramparts          Ice            0%         1d1       100%        3
 Fugue of the Fallen      Necr           0%         N/A       100%        3
 Gell's Gravitas          Tloc           0%         N/A       100%        3
 Hailstorm                Conj/Ice       0%         3d5       100%        3
 Inner Flame              Hex/Fire       0%         N/A       100%        3
 Mephitic Cloud           Conj/Alch/Air  0%         N/A       100%        3
 Ozocubu's Armour         Ice            0%         N/A       100%        3
 Passwall                 Erth           0%         N/A       100%        3
 Sigil of Binding         Hex            0%         N/A       100%        3
 Stone Arrow              Conj/Erth      0%         3d7       100%        3
 Summon Ice Beast         Ice/Summ       0%         N/A       100%        3
 Swiftness                Air            0%         N/A       100%        3
 Teleport Other           Tloc           0%         N/A       100%        3
 Tukima's Dance           Hex            0%         N/A       100%        3
 Animate Armour           Summ/Erth      0%         N/A       100%        4
 Cause Fear               Hex            0%         N/A       100%        4
 Dimensional Bullseye     Hex/Tloc       0%         N/A       100%        4
 Dispel Undead            Necr           0%         3d6       100%        4
 Ignite Poison            Fire/Alch      0%         N/A       100%        4
 Iskenderun's Mystic Bla  Conj/Tloc      0%         2d3       100%        4
 Leda's Liquefaction      Alch/Erth      0%         N/A       100%        4
 Martyr's Knell           Necr/Summ      0%         N/A       100%        4
 Olgreb's Toxic Radiance  Alch           0%         N/A       100%        4
 Sticky Flame             Fire/Alch      0%         2d4       100%        4
 Summon Lightning Spire   Summ/Air       0%         N/A       100%        4
 Alistair's Intoxication  Alch           0%         N/A       100%        5
 Borgnjor's Vile Clutch   Necr/Erth      0%         N/A       100%        5
 Curse of Agony           Necr           0%         N/A       100%        5
 Fireball                 Conj/Fire      0%         3d3       100%        5
 Freezing Cloud           Conj/Ice/Air   0%         6-21      100%        5
 Irradiate                Conj/Alch      0%         3d11      100%        5
 Lee's Rapid Deconstruct  Erth           0%         3d4*      100%        5
 Metabolic Englaciation   Hex/Ice        0%         N/A       100%        5
 Silence                  Hex/Air        0%         N/A       100%        5
 Bombard                  Conj/Erth      0%         9d1       100%        6
 Death Channel            Necr           0%         N/A       100%        6
 Eringya's Noxious Bog    Alch           0%         4d6       100%        6
 Plasma Beam              Fire/Air       0%         2x1d10    100%        6
 Sculpt Simulacrum        Ice/Alch       0%         N/A       100%        6
 Starburst                Conj/Fire      0%         6d3       100%        6
 Enfeeble                 Hex            0%         N/A       100%        7
 Ozocubu's Refrigeration  Ice            0%         4d7       100%        7
 Summon Hydra             Summ           0%         N/A       100%        7
 Discord                  Hex            0%         N/A       100%        8
 Ignition                 Fire           0%         3d3       100%        8
 Infestation              Necr           0%         N/A       100%        8
 Lehudib's Crystal Spear  Conj/Erth      0%         10d2      100%        8
 Chain Lightning          Conj/Air       0%         N/A       100%        9
 Death's Door             Necr           0%         N/A       100%        9
 Dragon's Call            Summ           0%         N/A       100%        9
 Fire Storm               Conj/Fire      0%         5d1       100%        9
 Polar Vortex             Ice            0%         N/A       100%        9
 Shatter                  Erth           0%         3d5*      100%        9


Dungeon Overview and Level Annotations

Branches:
Dungeon (15/15)            Temple (1/1) D:5            Lair (5/5) D:11
  Swamp (4/4) Lair:2        Snake (4/4) Lair:3        Slime (0/5) Lair:4
    Orc (2/2) D:12            Elf (3/3) Orc:2        Vaults (5/5) D:13
  Crypt (3/3) Vaults:2       Tomb (0/3) Crypt:3      Depths (4/4) D:15
    Zot (0/5) Depths:4    Ossuary (visited)          WizLab (visited)

Altars:
Ashenzari
Cheibriados
Dithmenos
Elyvilon
Fedhas
Gozag
Hepliaklqana
Kikubaaqudgha
Makhleb
Nemelex Xobeh
Okawaru
Qazlal
Ru
Sif Muna
Trog
Uskayaw
Vehumet
Wu Jian
Xom
Yredelemnul
Zin
The Shining One
Beogh
Jiyva

Shops:
D:6 (   D:7 (=   D:10 *:[((   D:12 *   Orc:2 :[=?   Elf:1 [   Elf:2 (
Depths:2 *

Portals:
Hell: Depths:1 Depths:2 Depths:3 Depths:4
Abyss: Depths:2 Depths:3 Depths:4
Pandemonium: Depths:2
Ziggurat: Depths:1
Trove: D:10 (give 4 scrolls of blinking)

Annotations:
D:11 exclusions: oklob plant and oklob sapling
Depths:4 2 transporters, 3 runed translucent doors, Ohifu Siggabb's ghost, veteran MfIE


Innate Abilities, Weirdness & Mutations

You have a pair of horns on your head.
You reflexively headbutt those who attack you in melee.
You are dopey. (Int -2)
((You are occasionally teleported next to monsters.))
You are weak. (Str -2)


Message History

You furiously retaliate!
You headbutt the starcursed mass.
The starcursed mass shudders and is absorbed by its neighbour.
You block the starcursed mass's attack.
Unknown command.
Unknown command.
You slash the daeva!
The daeva is severely wounded.
You slash the large abomination! You slash the starcursed mass!
You slice the starcursed mass!!
You destroy the starcursed mass!
The starcursed mass shudders and is absorbed by its neighbour.
A laughing skull comes into view.
You block the daeva's attack. x2
The laughing skull headbutts your daeva but does no damage.
You block the large abomination's attack.
Unknown command.
You slash the daeva!
The daeva is almost dead.
You hit the starcursed mass but do no damage.
You hit the large abomination.
Your daeva hits the laughing skull with a +5 scimitar of holy wrath.
The laughing skull convulses.
Your daeva hits the laughing skull with a +5 scimitar of holy wrath!!
The laughing skull is destroyed!
The Shining One accepts your kill.
A deafening chorus of shrieks assaults your mind!
* * * LOW HITPOINT WARNING * * *
You suddenly lose the ability to move!
The daeva calls down the wrath of the Shining One upon you.
The Shining One smites you!
* * * LOW HITPOINT WARNING * * *
A ynoxinul comes into view.
The large abomination hits you but does no damage.
The starcursed mass touches you but does no damage.
Your daeva hits the starcursed mass with a +5 scimitar of holy wrath!!
The starcursed mass is destroyed!
A chorus of shrieks assaults your mind.
* * * LOW HITPOINT WARNING * * *
The daeva hits you but does no damage. x2; The large abomination hits you!!
You die...

#####. # .
##..#.# # .†
... ###
)..#.. #..# ∩
. #.##.# .§.
#) #... .
#.#∩##†.# §
X.. #†#X†XA#
. #.#.###@###
*##...XX..X.#
##.#.##A..# #
## #..#.3.. #
.#.z#####
###.# # #. φ
.# ..


You could see 4 starcursed masses, a daeva (ally target), a large abomination, a
ynoxinul (distracted), a laughing skull and a friendly daeva (summoned).

Vanquished Creatures
  3 dread liches
  2 ancient liches
  Khufu (Crypt:3)
  Xtahua (Depths:4)
  Mennas (Crypt:1)
  Bai Suzhen (Swamp:3)
  Boris (twice) (Depths:4 Crypt:1)
  Vashnia (Snake:4)
  Saint Roka (Snake:4)
  A caustic shrike (Depths:3)
  3 golden dragons
  3 profane servitors
  Nikola (Snake:2)
  Norris (Vaults:3)
  Jory (Vaults:3)
  7 bone dragons
  A Hell Sentinel (Abyss:6)
  3 hellephants
  Jorgrun (Snake:1)
  5 tentacled monstrosities
  The ghost of kae the Fencer, an adept CoGl of Okawaru (Vaults:2)
  A walking crystal tome (WizLab)
  9 liches
  18 titans
  2 walking frostbound tomes (Depths:3)
  6 deep elf master archers
  7 deep elf blademasters
  2 Executioners (Abyss:3)
  4 quicksilver dragons (Vaults:5)
  14 tentacled starspawn
  Gastronok (D:8)
  7 sphinxes
  Kirke (Elf:1)
  3 ancient champions
  7 tengu reavers
  Aizul (Snake:4)
  Donald (Snake:2)
  Roxanne (Elf:2)
  3 revenants
  A strange machine (WizLab)
  4 storm dragons (Vaults:5)
  5 shadow dragons
  A daeva (Abyss:3)
  4 nagarajas
  A draconian monk (Abyss:6)
  2 draconian shifters
  17 fire giants
  A draconian knight (Depths:4)
  2 iron dragons
  10 deep elf sorcerers
  8 vault wardens
  27 frost giants
  2 balrugs
  3 deep elf elementalists (Elf:3)
  2 cacodemons
  15 ironbound preservers
  A curse skull (Crypt:2)
  2 orc warlords
  4 ghouls
  A formless jellyfish (Vaults:4)
  4 reapers
  25 very ugly things
  4 spriggan defenders
  A green draconian (Crypt:3)
  27 stone giants
  2 black draconians
  9 deep elf demonologists
  5 yellow draconians
  7 vampire knights
  9 ironbound thunderhulks
  A lorocyproca (Abyss:6)
  10 deep elf death magi
  20 dire elephants
  3 eleionomae
  2 war gargoyles
  2 red draconians
  5 spark wasps
  2 white draconians
  8 deep elf annihilators
  9 bunyips
  An eidolon (Abyss:2)
  2 green deaths (Swamp:4)
  14 ettins
  An entropy weaver (Vaults:3)
  2 mummy priests (Crypt:3)
  12 fire dragons
  Josephine (Orc:1)
  7 great orbs of eyes
  15 yaktaur captains
  29 jiangshi
  7 deep elf high priests
  Harold (Orc:1)
  20 hydras
  2 peacekeepers
  An ice dragon (shapeshifter) (Vaults:5)
  6 ice dragons
  2 hell beasts (Swamp:4)
  2 spriggan zombies (Crypt:1)
  A catoblepas (Lair:5)
  7 salamander tyrants (Snake:4)
  Erolcha (Orc:1)
  38 vault guards
  9 spriggan air magi
  14 alligators
  14 rakshasas
  5 boulder beetles
  5 ogre magi
  17 anacondas
  34 dancing weapons
  16 centaur warriors
  10 ironbound frosthearts
  2 death knights (Crypt:3)
  10 deep troll earth magi
  5 two-headed ogres
  An orc high priest (Elf:2)
  An anaconda (shapeshifter) (Depths:4)
  13 death yaks
  11 deep troll shamans
  13 hell hogs
  2 occultists
  4 tengu warriors
  11 hell knights
  20 naga sharpshooters
  6 vampire magi
  43 thrashing horrors
  10 naga warriors
  12 shock serpents
  15 spriggan berserkers
  A spectral naga (Crypt:3)
  16 spriggans
  Urug (Lair:4)
  7 shadow wraiths
  Nergalle (D:12)
  17 deep elf knights
  Sonja (Lair:3)
  2 soul eaters (Depths:2)
  5 sun demons
  A fire crab (D:14)
  2 spatial maelstroms
  3 goliath frogs
  15 wretched stars
  A fire crab (shapeshifter) (Vaults:5)
  7 salamander mystics
  11 iron trolls
  2 sixfirhies
  34 skeletal warriors
  4 skysharks
  A deep troll (shapeshifter) (Depths:2)
  6 flayed ghosts
  59 deep trolls
  2 shadow demons
  2 spriggan druids (Swamp:3)
  6 glowing orange brains
  7 swamp dragons
  15 mana vipers
  A swamp dragon (shapeshifter) (Vaults:5)
  16 bog bodies
  10 phantasmal warriors
  A mana viper (shapeshifter) (Depths:2)
  6 arcanists
  A harpy (shapeshifter) (Elf:3)
  4 thermic dynamos
  22 deep elf archers
  7 naga ritualists
  2 bunyip skeletons
  9 lindwurms
  13 ironbound convokers
  8 orc knights
  37 deep elf pyromancers
  26 deep elf zephyrmancers
  An oklob plant (D:11)
  10 necromancers
  7 harpies
  45 ugly things
  5 wolf spiders
  5 cyclopes
  27 salamanders
  7 worldbinders
  3 will-o-the-wisps
  11 orc sorcerers
  A manticore (D:14)
  39 large abominations
  16 elephants
  A black mamba (shapeshifter) (D:14)
  A spectral centaur (Crypt:3)
  12 naga magi
  17 vault sentinels
  2 apocalypse crabs
  A dire elephant zombie (Abyss:3)
  14 smoke demons
  9 guardian serpents
  7 orange demons
  A torpor snail (shapeshifter) (Depths:1)
  An elf zombie (Vaults:1)
  40 black mambas
  16 cane toads
  A gargoyle (D:10)
  A hellion (Abyss:6)
  4 komodo dragons
  A green draconian zombie (Crypt:1)
  A titan simulacrum (Crypt:3)
  7 freezing wraiths
  2 kobold demonologists
  4 unseen horrors
  4 rime drakes
  3 tengu conjurers
  A white draconian skeleton (Crypt:1)
  22 yaktaurs
  3 efreet
  A pale draconian skeleton (Crypt:2)
  A tormentor (Abyss:6)
  14 ancient zymes
  A yaktaur (shapeshifter) (Abyss:6)
  A yellow draconian skeleton (Crypt:1)
  A human zombie (Vaults:1)
  A harpy zombie (Crypt:2)
  7 guardian mummies (Crypt:3)
  A polar bear (shapeshifter) (D:15)
  5 trolls
  A wolf spider simulacrum (D:14)
  A tarantella (Vaults:3)
  5 polar bears
  19 hornets
  10 tyrant leeches
  20 blink frogs
  2 harpy skeletons
  23 raiju
  26 slime creatures
  6 shadows
  4 wyverns
  An ice dragon skeleton (Crypt:1)
  Sigmund (D:2)
  4 ynoxinuls
  8 water elementals
  2 fire elementals
  A vampire (Abyss:6)
  Grum (D:8)
  15 wraiths
  41 yaks
  6 hogs (Elf:1)
  9 basilisks
  11 vampire mosquitoes
  5 wargs
  16 neqoxecs
  8 chaos spawn
  3 redbacks
  A redback (shapeshifter) (Depths:4)
  8 swamp worms
  41 nagas
  Edmund (D:6)
  A fire bat skeleton (Crypt:2)
  An acid dragon (D:12)
  5 hell hounds (Abyss:2)
  17 water moccasins
  3 swamp drakes
  A naga skeleton (Crypt:1)
  16 orc warriors
  A glowing shapeshifter skeleton (Vaults:1)
  A sky beast (D:7)
  An ice beast (D:5)
  36 laughing skulls
  5 black bears
  A lindwurm zombie (Crypt:2)
  A snapping turtle zombie (Crypt:2)
  12 ogres
  17 small abominations
  7 centaurs
  26 wolves
  A snapping turtle skeleton (Crypt:2)
  2 kobold brigands
  A torpor snail zombie (Crypt:1)
  3 weeping skulls
  12 bullfrogs
  2 earth elementals
  3 scorpions
  4 water moccasin zombies (Ossuary)
  4 burial acolytes (Crypt:3)
  12 wights
  The ghost of Sphara the Cudgeller, a weakling MDWr (D:5)
  9 killer bees
  2 raiju skeletons
  2 electric eels (D:12)
  A howler monkey (D:5)
  A bombardier beetle (D:4)
  4 hounds
  4 jellies
  2 lava snakes (Lair:2)
  A quasit (Abyss:3)
  A black bear zombie (Crypt:2)
  3 bullfrog skeletons (D:5)
  10 orc priests
  An iron imp (Abyss:3)
  78 starcursed masses
  A gnoll bouda (D:10)
  3 iguanas
  2 sleepcaps (D:6)
  Terence (D:2)
  41 orc wizards
  A boggart skeleton (Crypt:1)
  A killer bee zombie (Crypt:1)
  A bullfrog simulacrum (Ossuary)
  A crocodile zombie (Ossuary)
  2 mummies (Ossuary)
  Robin (D:2)
  17 adders
  11 gnolls
  3 shadow imps
  A ribbon worm zombie (Crypt:1)
  A white imp (D:5)
  An iguana zombie (Crypt:1)
  2 adder zombies (Ossuary)
  A dart slug (D:1)
  2 ribbon worms
  97 orcs
  12 ball pythons
  5 bats
  5 endoplasms
  4 giant cockroaches (D:4)
  4 gnoll zombies (Ossuary)
  8 hobgoblins
  4 jackals (D:2)
  3 quokkas
  15 goblins
  A jackal zombie (Ossuary)
  13 kobolds
  A kobold skeleton (Crypt:2)
  4 orc zombies (Ossuary)
  2 rats
  A butterfly (Lair:2)
  3 lurking horrors
  21 starspawn tentacles
2563 creatures vanquished.

Vanquished Creatures (collateral kills)
  A smoke demon (Abyss:7)
  A laughing skull (Abyss:7)
  A starcursed mass (Abyss:7)
3 creatures vanquished.

Vanquished Creatures (others)
  2 liches (Abyss:6)
  An acid blob (Abyss:6)
  2 fire giants
  A frost giant (Crypt:2)
  A crystal guardian (Abyss:6)
  A yaktaur captain (Vaults:5)
  An ogre mage (Abyss:6)
  An ice dragon (Abyss:6)
  3 deep elf knights
  A skyshark (Vaults:3)
  3 thrashing horrors (Abyss:6)
  4 large abominations (Abyss:6)
  2 wretched stars (Abyss:6)
  A starcursed mass (Abyss:6)
  2 deep elf zephyrmancers
  A salamander (Snake:4)
  3 smoke demons (Abyss:6)
  A hellwing (Abyss:6)
  9 raiju (Abyss:6)
  2 ynoxinuls (Abyss:6)
  A spriggan (Abyss:6)
  2 fire bats (Abyss:6)
  7 golden eyes (Abyss:6)
  2 neqoxecs (Abyss:6)
  A redback (Abyss:6)
  A vampire mosquito (D:14)
  5 chaos spawn (Abyss:6)
  A swamp drake (Abyss:6)
  10 laughing skulls (Abyss:6)
  A small abomination (Abyss:6)
  A boggart (Elf:1)
  An orc wizard (Orc:1)
  A ribbon worm (Abyss:6)
  2 orcs
  10 foxfires
  3 lurking horrors (Abyss:6)
  24 starspawn tentacles
115 creatures vanquished.

Grand Total: 2681 creatures vanquished

Notes
Turn   | Place    | Note
-------+----------+-------------------------------------------
     0 | D:1      | nuthulu the Minotaur Fighter began the quest for the Orb.
     0 | D:1      | Reached XP level 1. HP: 19/19 MP: 0/0
   164 | D:1      | Found a faded altar of an unknown god.
   280 | D:1      | Reached skill level 4 in Fighting
   280 | D:1      | Reached XP level 2. HP: 27/27 MP: 1/1
   616 | D:2      | Reached XP level 3. HP: 31/34 MP: 2/2
   798 | D:2      | Noticed Terence
   807 | D:2      | Killed Terence
   808 | D:2      | Reached skill level 5 in Fighting
   808 | D:2      | Reached XP level 4. HP: 42/42 MP: 3/3
   930 | D:2      | Noticed Robin
   941 | D:2      | Killed Robin
   942 | D:2      | Reached XP level 5. HP: 46/48 MP: 4/4
  1004 | D:2      | Noticed Sigmund
  1013 | D:2      | Killed Sigmund
  1014 | D:2      | Reached skill level 6 in Fighting
  1014 | D:2      | Reached skill level 5 in Axes
  1014 | D:2      | Reached XP level 6. HP: 55/58 MP: 5/5
  2164 | D:4      | Reached skill level 7 in Fighting
  2261 | D:4      | Found a sand-covered staircase.
  2269 | Ossuary  | Entered an ossuary
  2294 | Ossuary  | Reached XP level 7. HP: 62/66 MP: 6/6
  2417 | Ossuary  | Reached skill level 8 in Fighting
  2524 | D:4      | Found a shadowy altar of Dithmenos.
  2607 | D:4      | Reached XP level 8. HP: 60/75 MP: 7/7
  2827 | D:4      | Found a glowing drain.
  2853 | D:4      | Reached skill level 9 in Fighting
  2892 | D:5      | Entered Level 5 of the Dungeon
  2930 | D:5      | Found a staircase to the Ecumenical Temple.
  3150 | D:6      | Reached skill level 10 in Fighting
  3390 | D:6      | Noticed Edmund
  3412 | D:6      | Reached skill level 10 in Axes
  3421 | D:6      | Killed Edmund
  3502 | D:6      | Found Fedel's Weapon Shop.
  3509 | D:6      | Reached XP level 9. HP: 54/77 MP: 8/8
  3946 | Temple   | Entered the Ecumenical Temple
  3959 | Temple   | Became a worshipper of Warmaster Okawaru
  4133 | D:5      | Reached skill level 11 in Fighting
  4225 | D:5      | Found a transporter.
  4227 | D:5      | Noticed Sphara's ghost (weakling MDWr)
  4382 | D:5      | Identified a scroll of acquirement
  4382 | D:5      | Acquired the ring "Gyjilics" {rF+ rCorr Str+3 Dex+3}
  4711 | D:5      | Found an opulent altar of Gozag.
  4826 | D:5      | Found a transporter.
  4837 | D:5      | Killed Sphara's ghost
  5003 | D:6      | Identified the +0 leather armour of Integrity {Harm Str+3
                  | Int+3}
  5050 | D:6      | Reached * piety under Okawaru
  5376 | D:7      | Reached skill level 12 in Fighting
  5460 | D:7      | Found a stormy altar of Qazlal.
  5484 | D:7      | Found a sacrificial altar of Ru.
  5521 | D:7      | Found Wadanuli's Antique Weapon Emporium.
  5525 | D:7      | Bought a glowing war axe for 169 gold pieces
  5699 | D:7      | Reached skill level 1 in Invocations
  5788 | D:7      | Reached ** piety under Okawaru
  5834 | D:7      | Found Xaul's Jewellery Boutique.
  5840 | D:7      | Reached XP level 10. HP: 84/99 MP: 10/10
  6174 | D:8      | Found a bloodstained altar of Trog.
  6184 | D:8      | Identified the +5 kite shield "Jismuago" {+Inv rPois}
  6375 | D:8      | You fall into a shaft and drop 2 floors!
  6375 | D:10     | Entered Level 10 of the Dungeon
  6470 | D:10     | Found a radiant altar of Vehumet.
  6511 | D:10     | Found Saqoowk's Antique Weapon Shop.
  6522 | D:10     | Bought a buzzing morningstar for 252 gold pieces
  6522 | D:10     | Identified the +3 morningstar of Light {protect, *Rage
                  | rElec rPois rF+} (You bought it in a shop on level 10 of
                  | the Dungeon)
  7014 | D:10     | Found Nefifoa's Assorted Antiques.
  7128 | D:9      | Reached skill level 13 in Fighting
  7255 | D:8      | Noticed Grum
  7266 | D:8      | Killed Grum
  7334 | D:8      | Noticed Gastronok
  7355 | D:8      | Killed Gastronok
  7355 | D:8      | Reached *** piety under Okawaru
  7974 | D:9      | Reached skill level 5 in Invocations
  8041 | D:9      | Reached **** piety under Okawaru
  8108 | D:9      | Found a roughly hewn altar of Beogh.
  8404 | D:9      | Reached XP level 11. HP: 108/108 MP: 14/14
  8415 | D:9      | Reached skill level 14 in Fighting
  8429 | D:9      | Paralysed by a hornet for 1 turns
  8731 | D:10     | Found a portal to a secret trove of treasure.
  8841 | D:10     | Found Yloth's Antique Armour Boutique.
  8843 | D:10     | Found Quoga's Book Boutique.
  8958 | D:10     | Reached ***** piety under Okawaru
  9026 | D:10     | Found Haoguoxt's Antique Weapon Boutique.
  9346 | D:11     | Noticed an oklob plant
  9385 | D:11     | Found a staircase to the Lair.
  9453 | D:11     | Killed an oklob plant
  9806 | D:11     | Noticed an oklob plant
 10082 | Lair:1   | Entered Level 1 of the Lair of Beasts
 10343 | Lair:1   | Identified the +2 chain mail "Beeriemu" {Will+ Stlth+}
 10562 | Lair:1   | Reached skill level 15 in Fighting
 11019 | Lair:2   | Reached skill level 15 in Axes
 11040 | Lair:2   | Found a staircase to the Swamp.
 11040 | Lair:2   | Noticed a swamp dragon
 11067 | Lair:2   | Killed a swamp dragon
 11067 | Lair:2   | Received a gift from Okawaru
 11068 | Lair:2   | Reached XP level 12. HP: 100/121 MP: 15/17
 11144 | Lair:2   | Found a runed translucent door.
 11169 | Lair:2   | Identified the +0 hat of the Known World {Str+5}
 11171 | Lair:2   | Found a runed translucent gate.
 11171 | Lair:2   | Found a runed translucent gate.
 11171 | Lair:2   | Found a runed translucent gate.
 11171 | Lair:2   | Found a runed translucent gate.
 11171 | Lair:2   | Found a runed translucent gate.
 11171 | Lair:2   | Found a runed translucent gate.
 11171 | Lair:2   | Noticed a boulder beetle
 11398 | Lair:2   | Noticed a boulder beetle
 11440 | Lair:2   | Noticed a boulder beetle
 11471 | Lair:2   | Killed a boulder beetle
 12185 | Lair:2   | Killed a boulder beetle
 12186 | Lair:2   | Reached skill level 16 in Fighting
 12188 | Lair:2   | Killed a boulder beetle
 12391 | Lair:2   | Identified the ring of Gozag's Delight {Fly rF+ Will+ rCorr
                  | Str-3}
 12402 | Lair:2   | Received a gift from Okawaru
 12558 | Lair:3   | Found a staircase to the Snake Pit.
 12689 | Lair:3   | Noticed Sonja
 12704 | Lair:3   | Killed Sonja
 12714 | Lair:3   | Reached skill level 5 in Armour
 12714 | Lair:3   | Reached skill level 5 in Shields
 13066 | Lair:3   | Received a gift from Okawaru
 13370 | Lair:3   | Reached XP level 13. HP: 129/129 MP: 19/19
 13939 | Lair:4   | Identified the +7 falchion "Cyodgh" {flame, Int+3}
 13970 | Lair:4   | Received a gift from Okawaru
 14195 | Lair:4   | Found a staircase to the Slime Pits.
 14195 | Lair:4   | Found a viscous altar of Jiyva.
 14295 | Lair:4   | Identified the +6 chain mail of Leapfrog {+Inv rC- Will+++
                  | Regen+}
 14527 | Lair:4   | Found the +11 plutonium sword {^Contam Stlth-}
 14578 | Lair:4   | Noticed Urug
 14592 | Lair:4   | Killed Urug
 14903 | Lair:5   | Entered Level 5 of the Lair of Beasts
 14923 | Lair:4   | Received a gift from Okawaru
 15014 | Lair:5   | Reached skill level 10 in Armour
 15014 | Lair:5   | Reached skill level 10 in Shields
 15138 | Lair:5   | Reached ****** piety under Okawaru
 15145 | Lair:5   | Received a gift from Okawaru
 15187 | Lair:4   | Acquired the +7 broad axe of the Riding Wolf {heavy, rF+
                  | rN+}
 15187 | Lair:4   | Received a gift from Okawaru
 15189 | Lair:4   | Acquired the +0 pair of gloves of Aninij {rN+ Str+3}
 15189 | Lair:4   | Received a gift from Okawaru
 15302 | Lair:5   | Reached XP level 14. HP: 134/137 MP: 20/20
 15403 | Lair:5   | Received a gift from Okawaru
 15987 | Lair:5   | Received a gift from Okawaru
 16609 | D:12     | Found a staircase to the Orcish Mines.
 16947 | D:12     | Found Puol's General Store.
 16997 | D:12     | Noticed Nergalle
 17005 | D:12     | Killed Nergalle
 17031 | D:12     | Received a gift from Okawaru
 17351 | Orc:1    | Entered Level 1 of the Orcish Mines
 17415 | Orc:2    | Entered Level 2 of the Orcish Mines
 17444 | Orc:1    | Noticed Erolcha
 17446 | Orc:1    | Noticed Josephine
 17454 | Orc:1    | Killed Josephine
 17464 | Orc:1    | Killed Erolcha
 17575 | Orc:1    | Noticed Harold
 17592 | Orc:1    | Killed Harold
 17625 | Orc:1    | Found a roughly hewn altar of Beogh.
 17982 | Orc:2    | Received a gift from Okawaru
 18026 | Orc:2    | Found a staircase to the Elven Halls.
 18313 | Orc:2    | Found Geaf's Book Emporium.
 18340 | Orc:2    | Found Coduhin's Magic Scroll Shoppe.
 18355 | Orc:2    | Bought a scroll of enchant armour for 97 gold pieces
 18369 | Orc:2    | Found an ancient bone altar of Kikubaaqudgha.
 18378 | Orc:2    | Reached XP level 15. HP: 142/144 MP: 21/21
 18387 | Orc:2    | Found Huanterr's Antique Armour Emporium.
 18408 | Orc:2    | Found a radiant altar of Vehumet.
 18411 | Orc:2    | Reached skill level 15 in Armour
 18418 | Orc:2    | Bought a spiked plate armour for 644 gold pieces
 18418 | Orc:2    | Identified the +1 plate armour "Ogebu" {rF+ Regen+ Int-5}
                  | (You bought it in a shop on level 2 of the Orcish Mines)
 18418 | Orc:2    | Bought a pair of embroidered boots for 172 gold pieces
 18492 | Orc:2    | Found a roughly hewn altar of Beogh.
 18492 | Orc:2    | Found Baetej's Jewellery Emporium.
 18530 | Orc:2    | Bought the amulet of Fouz Yng {Reflect rElec rF++ Str-3
                  | SH+5} for 607 gold pieces
 18838 | Swamp:1  | Entered Level 1 of the Swamp
 19017 | D:13     | Found a gate to the Vaults.
 19036 | D:13     | Received a gift from Okawaru
 19719 | D:14     | Found a transporter.
 19721 | D:14     | Reached skill level 1 in Dodging
 19737 | D:14     | Noticed a fire giant
 19741 | D:14     | Noticed a frost giant
 19760 | D:14     | Killed a frost giant
 19794 | D:14     | Killed a fire giant
 19795 | D:14     | Received a gift from Okawaru
 19822 | D:14     | Reached skill level 17 in Fighting
 19844 | D:14     | Reached skill level 5 in Dodging
 19962 | D:14     | Found a transporter.
 19967 | D:15     | Entered Level 15 of the Dungeon
 20174 | D:15     | Received a gift from Okawaru
 20673 | D:14     | Identified the ring of Sepy {Will+ Dex+6}
 20684 | D:14     | Identified the ring "Fion" {Ice *Corrode rPois rN+ Slay+3}
 20883 | D:15     | Received a gift from Okawaru
 20886 | D:15     | Reached XP level 16. HP: 147/157 MP: 22/22
 20889 | D:15     | Reached skill level 18 in Fighting
 20906 | D:15     | Found a staircase to the Depths.
 21770 | Swamp:1  | Received a gift from Okawaru
 22274 | Swamp:2  | Reached skill level 19 in Fighting
 22524 | Swamp:2  | Reached skill level 10 in Dodging
 22665 | Swamp:3  | Received a gift from Okawaru
 22748 | Swamp:3  | Noticed Bai Suzhen
 22761 | Swamp:3  | Killed Bai Suzhen
 22904 | Swamp:3  | Received a gift from Okawaru
 23128 | Swamp:3  | Acquired a manual of Invocations
 23363 | Swamp:4  | Entered Level 4 of the Swamp
 23535 | Swamp:4  | Reached skill level 20 in Fighting
 23535 | Swamp:4  | Reached skill level 10 in Invocations
 23595 | Swamp:4  | Received a gift from Okawaru
 23613 | Swamp:4  | Reached XP level 17. HP: 113/170 MP: 17/23
 23958 | Swamp:4  | Received a gift from Okawaru
 24146 | Swamp:4  | Got a decaying rune of Zot
 24319 | Snake:1  | Entered Level 1 of the Snake Pit
 24358 | Snake:1  | Received a gift from Okawaru
 24596 | Snake:1  | Reached skill level 21 in Fighting
 25172 | Snake:2  | Noticed Donald
 25185 | Snake:2  | Killed Donald
 25185 | Snake:2  | Received a gift from Okawaru
 25306 | Snake:2  | Noticed Jorgrun
 25309 | Snake:2  | Noticed Nikola
 25354 | Snake:1  | Killed Jorgrun
 25390 | Snake:2  | Killed Nikola
 26076 | Snake:3  | Reached XP level 18. HP: 150/182 MP: 27/27
 26183 | Snake:3  | Received a gift from Okawaru
 26238 | Snake:3  | Identified the +1 robe "Jetilull" {Rampage}
 26241 | Snake:3  | Found a transporter.
 26260 | Snake:3  | Found a transporter.
 26270 | Snake:3  | Identified the +0 leather armour of Death Resistance {rF++
                  | rC+}
 26345 | Snake:3  | Identified the +0 cloak "Ugeiven" {Fly rPois rN+}
 26352 | Snake:3  | Got Lelilamu's Cyclopedia of Algor
 26471 | Snake:3  | Reached skill level 15 in Invocations
 26809 | Snake:3  | Received a gift from Okawaru
 26810 | Snake:3  | Reached skill level 22 in Fighting
 26821 | Snake:4  | Entered Level 4 of the Snake Pit
 27018 | Snake:4  | Identified the serpent talisman of Incorporation {Int-2
                  | Dex+5}
 27018 | Snake:4  | Noticed Aizul
 27025 | Snake:4  | Killed Aizul
 27025 | Snake:4  | Received a gift from Okawaru
 27228 | Snake:4  | Noticed Saint Roka
 27262 | Snake:4  | Killed Saint Roka
 27595 | Snake:4  | Received a gift from Okawaru
 27612 | Snake:4  | Noticed Vashnia
 27659 | Snake:4  | Killed Vashnia
 27660 | Snake:4  | Reached skill level 23 in Fighting
 27708 | Snake:4  | Reached XP level 19. HP: 119/195 MP: 1/29
 27728 | Snake:4  | Got a serpentine rune of Zot
 28436 | Elf:1    | Entered Level 1 of the Elven Halls
 28498 | Elf:1    | Received a gift from Okawaru
 28540 | Elf:1    | Noticed Kirke
 28550 | Elf:1    | Killed Kirke
 29196 | Elf:1    | Found Asirchoe's Armour Shoppe.
 29316 | Elf:2    | Identified the storm talisman of Loss {rC+ Will+ Str+3}
 29509 | Elf:2    | Noticed Roxanne
 29521 | Elf:2    | Killed Roxanne
 29550 | Elf:2    | Reached skill level 24 in Fighting
 29550 | Elf:2    | Received a gift from Okawaru
 29602 | Elf:2    | Found a runed translucent gate.
 29602 | Elf:2    | Found a runed translucent gate.
 29603 | Elf:2    | Found a runed translucent gate.
 29699 | Elf:2    | Found Nooshich's Antique Weapon Shop.
 30115 | Elf:2    | Received a gift from Okawaru
 30576 | Elf:3    | Entered Level 3 of the Elven Halls
 30919 | Elf:3    | Received a gift from Okawaru
 31208 | Elf:3    | Reached skill level 25 in Fighting
 31208 | Elf:3    | Reached XP level 20. HP: 136/210 MP: 22/30
 31217 | Elf:3    | Identified the +4 battleaxe of Bloodstone {freeze, rF+
                  | rCorr SInv}
 31348 | Elf:3    | Received a gift from Okawaru
 31411 | Elf:3    | Identified the ring of Limitation {rElec Will+ Dex+2}
 31464 | Elf:3    | Identified the +0 arbalest of Dissatisfaction {speed, rC+}
 31471 | Elf:3    | Got the Directory of the Solution and the Mountains
 31503 | Elf:3    | Identified the +0 pair of boots of Gravity {Will+ Str+3}
 31523 | Elf:3    | Identified the staff of Blood {rF+ rN+ Will- Dex+5 Fire}
 31885 | Depths:1 | Entered Level 1 of the Depths
 31921 | Depths:1 | Identified the ring "Cangid" {Fire Str+5 Stlth-}
 31932 | Depths:1 | Identified the ring of Kadoep {Wiz rElec Dex+3}
 31954 | Depths:1 | Received a gift from Okawaru
 31986 | Depths:1 | Identified the ring "Domi" {Fire Will+}
 32008 | Depths:1 | Identified the amulet "Yvaoh" {^Fragile rN+ RegenMP+ Str-3
                  | Int+6}
 32049 | Depths:1 | Reached skill level 26 in Fighting
 32213 | Depths:1 | Found a one-way gateway to a ziggurat.
 32520 | Depths:1 | Found a magical portal.
 32559 | WizLab   | Entered Tukima's Studio
 32687 | WizLab   | Noticed nuthulu's illusion
 32695 | WizLab   | Received a gift from Okawaru
 32712 | WizLab   | Got Detwiudu's Tractate on Guile
 32995 | Depths:1 | Found a gateway to Hell.
 33242 | Depths:1 | Found a runed translucent door.
 33253 | Depths:1 | Noticed a golden dragon
 33321 | Depths:1 | Found a runed translucent door.
 33322 | Depths:1 | Noticed a golden dragon
 33352 | Depths:1 | Killed a golden dragon
 33381 | Depths:1 | Killed a golden dragon
 33413 | Depths:1 | Identified the ring of Elitism {^Contam rN++ AC+4 Str+3}
 33455 | Depths:2 | Reached XP level 21. HP: 222/222 MP: 31/31
 33790 | Depths:2 | Found an ancient bone altar of Kikubaaqudgha.
 33861 | Depths:2 | Found a one-way gate to the infinite horrors of the Abyss.
 33864 | Depths:2 | Found Yzxirent's Assorted Antiques.
 33985 | Depths:2 | Received a gift from Okawaru
 33988 | Depths:2 | Reached skill level 27 in Fighting
 34196 | Depths:2 | Noticed a golden dragon
 34204 | Depths:2 | Killed a golden dragon
 34580 | Depths:2 | Found a one-way gate leading to the halls of Pandemonium.
 34586 | Depths:2 | Received a gift from Okawaru
 34813 | Depths:3 | Noticed a caustic shrike
 34821 | Depths:3 | Killed a caustic shrike
 35043 | Depths:3 | Received a gift from Okawaru
 35145 | Depths:3 | Found an opulent altar of Gozag.
 35310 | Depths:3 | Identified the +0 leather armour of the Constellations
                  | {Str+5 Dex+3 Stlth-}
 35409 | Depths:3 | Identified the amulet of Hicua {rC+ Regen+}
 35656 | Depths:3 | Identified the +6 longbow of the Forest {elec, Str+3 Int+2}
 35670 | Depths:4 | Entered Level 4 of the Depths
 35699 | Depths:4 | Reached skill level 15 in Shields
 35715 | Depths:4 | Noticed Xtahua
 35735 | Depths:4 | Killed Xtahua
 35735 | Depths:4 | Received a gift from Okawaru
 35736 | Depths:4 | Reached XP level 22. HP: 48/233 MP: 30/32
 35737 | Depths:4 | Identified the +3 robe of Gestures {-Tele Str+3 Dex+3
                  | Slay+2}
 35737 | Depths:4 | Noticed Boris
 36091 | Depths:4 | Killed Boris
 36328 | Depths:4 | Reached skill level 15 in Dodging
 36343 | Depths:4 | Acquired 906 gold pieces
 36375 | Depths:4 | Found a gate to the Realm of Zot.
 36633 | Depths:4 | Received a gift from Okawaru
 36648 | Depths:4 | Found a transporter.
 36695 | Depths:4 | Found a transporter.
 36711 | Depths:4 | Found a transporter.
 36727 | Depths:4 | Found a transporter.
 36786 | Depths:4 | Noticed Ohifu Siggabb's ghost (veteran MfIE)
 36797 | Depths:4 | Found a runed translucent gate.
 36797 | Depths:4 | Found a runed translucent gate.
 36799 | Depths:4 | Found a runed translucent gate.
 37137 | Vaults:1 | Entered Level 1 of the Vaults
 37723 | Vaults:1 | Received a gift from Okawaru
 38253 | Vaults:1 | Identified the ring "Meckedim" {rElec rC+}
 38716 | Vaults:2 | Acquired the +2 pair of slick slippers {slick, slippery,
                  | EV+4}
 38716 | Vaults:2 | Found the +2 pair of slick slippers {slick, slippery, EV+4}
 39253 | Vaults:2 | Found a staircase to the Crypt.
 39253 | Vaults:2 | Found a basalt altar of Yredelemnul.
 39254 | Vaults:2 | Found an ancient bone altar of Kikubaaqudgha.
 39284 | Vaults:2 | Received a gift from Okawaru
 39305 | Vaults:2 | Found a runed translucent gate.
 39305 | Vaults:2 | Noticed a dread lich
 39306 | Vaults:2 | Found a runed translucent gate.
 39306 | Vaults:2 | Found an ancient bone altar of Kikubaaqudgha.
 39306 | Vaults:2 | Found a runed translucent gate.
 39306 | Vaults:2 | Noticed kae's ghost (adept CoGl)
 39306 | Vaults:2 | Noticed an ancient lich
 39320 | Vaults:2 | Killed a dread lich
 39322 | Vaults:2 | Killed an ancient lich
 39333 | Vaults:2 | Killed kae's ghost
 39336 | Vaults:2 | Identified the ring "Symink" {rElec Int+3 Dex+6}
 39339 | Vaults:2 | Identified the +1 hat of the Everdark {rPois Int+3}
 39343 | Vaults:2 | Got Kikubaaqudgha's Precepts of Profane Rites
 39348 | Vaults:2 | Got the Codex of the Entourage and Obstruction
 39769 | Vaults:3 | Noticed Jory
 39769 | Vaults:3 | Noticed Norris
 39793 | Vaults:3 | Killed Jory
 39794 | Vaults:3 | Reached XP level 23. HP: 80/240 MP: 1/33
 39804 | Vaults:3 | Killed Norris
 41062 | Vaults:4 | Received a gift from Okawaru
 41444 | Vaults:4 | Paralysed by a sphinx for 2 turns
 41701 | Vaults:4 | Received a gift from Okawaru
 42207 | Vaults:4 | Found the +5 glaive of the Guard {elec, spectral}
 42464 | Vaults:5 | Entered Level 5 of the Vaults
 42483 | Vaults:5 | Noticed an ancient lich
 42635 | Vaults:5 | Noticed a dread lich
 42635 | Vaults:5 | Noticed a dread lich
 42658 | Vaults:4 | Killed a dread lich
 42658 | Vaults:4 | Received a gift from Okawaru
 42921 | Vaults:4 | Killed a dread lich
 42922 | Vaults:4 | Reached XP level 24. HP: 205/249 MP: 33/33
 42994 | Vaults:5 | Identified the amulet of Uxofrapp {Acrobat Will++}
 43009 | Vaults:5 | Killed an ancient lich
 43034 | Vaults:5 | Received a gift from Okawaru
 43569 | Vaults:5 | Identified the amulet "Cogutz" {Spirit ^Fragile +Inv rC+
                  | Dex+2}
 44147 | Vaults:5 | Reached skill level 1 in Unarmed Combat
 44169 | Vaults:5 | Identified the +3 ring mail "Jyni" {rF- Str+3 SInv}
 44227 | Vaults:5 | Got a silver rune of Zot
 44245 | Vaults:5 | Identified the +0 scale mail of the Everdark {Will+ Dex+2}
 44247 | Vaults:5 | Acquired 515 gold pieces
 44544 | Vaults:5 | Identified the +4 hand axe "Nieguo" {drain, Dex+3}
 44738 | Vaults:5 | Identified the +3 chain mail of Balahih {+Inv Stlth+}
 45248 | Temple   | Fell from the grace of Okawaru
 45248 | Temple   | Became a worshipper of the Shining One
 45571 | Crypt:1  | Entered Level 1 of the Crypt
 45651 | Crypt:1  | Reached * piety under the Shining One
 45724 | Crypt:1  | Reached ** piety under the Shining One
 45738 | Crypt:1  | Identified the +2 robe of the Fiend {Harm rC++ Dex-4}
 45738 | Crypt:1  | Noticed Boris
 45751 | Crypt:1  | Killed Boris
 45775 | Crypt:1  | Reached *** piety under the Shining One
 45784 | Crypt:1  | Noticed Mennas
 45797 | Crypt:1  | Killed Mennas
 45809 | Crypt:1  | Reached skill level 5 in Unarmed Combat
 46323 | Crypt:2  | Paralysed by a vampire knight for 5 turns
 46329 | Crypt:2  | Reached **** piety under the Shining One
 46674 | Crypt:2  | Reached ***** piety under the Shining One
 47387 | Crypt:3  | Entered Level 3 of the Crypt
 47387 | Crypt:3  | Reached ****** piety under the Shining One
 47471 | Crypt:3  | Reached XP level 25. HP: 257/257 MP: 33/33
 47612 | Crypt:3  | Found a basalt altar of Yredelemnul.
 47621 | Crypt:3  | Identified a +9 executioner's axe of holy wrath (a +9
                  | vampiric executioner's axe blessed by the Shining One)
 47621 | Crypt:3  | Received a gift from the Shining One
 47964 | Crypt:3  | Identified the staff of Resourcefulness {rF+ rN+ Necro Ice}
 48063 | Crypt:3  | Identified the +5 long sword "Sianesot" {heavy, rPois
                  | Dex+5}
 48063 | Crypt:3  | Noticed Khufu
 48067 | Crypt:3  | Found a staircase to the Tomb.
 48076 | Crypt:3  | Killed Khufu
 48340 | Crypt:3  | Reached skill level 10 in Unarmed Combat
 48387 | Crypt:3  | Identified the ring of Emmuecul {Wiz Str-3 Dex+6}
 48445 | Crypt:3  | Identified the ring of the Demonic God {Fire rPois rN++
                  | Dex-5}
 48445 | Crypt:3  | Identified the ring "Poirae Pono" {rPois rN++}
 48445 | Crypt:3  | Identified the ring of Geoteuh {Ice Fly rN++ Dex+3}
 48953 | Depths:4 | Voluntarily entered the Abyss.
 48964 | Abyss:2  | Found a corrupted altar of Lugonu.
 48977 | Abyss:2  | Found a hide-covered altar of Uskayaw.
 49024 | Abyss:2  | Found a hide-covered altar of Uskayaw.
 49078 | Abyss:2  | Gained mutation: You are weak. (Str -2) [a neqoxec]
 49082 | Abyss:2  | Found a corrupted altar of Lugonu.
 49326 | Abyss:3  | Paralysed by accursed screaming for 1 turns
 49418 | Abyss:3  | Found a corrupted altar of Lugonu.
 49449 | Abyss:3  | Found a corrupted altar of Lugonu.
 49617 | Abyss:4  | Gained mutation: You are occasionally teleported next to
                  | monsters. [a neqoxec]
 49669 | Abyss:4  | Found a corrupted altar of Lugonu.
 49765 | Abyss:6  | Gained mutation: You are dopey. (Int -2) [a neqoxec]
 49798 | Abyss:6  | Paralysed by accursed screaming for 2 turns
 49805 | Abyss:6  | Paralysed by accursed screaming for 1 turns
 49864 | Abyss:6  | Found a corrupted altar of Lugonu.
 49927 | Abyss:6  | Was forgiven by Okawaru
 49933 | Abyss:6  | Reached XP level 26. HP: 166/266 MP: 31/33
 49958 | Abyss:6  | Paralysed by accursed screaming for 1 turns
 49972 | Abyss:6  | Paralysed by accursed screaming for 1 turns
 50017 | Abyss:7  | Entered Level 7 of the Abyss
 50068 | Abyss:7  | Reached skill level 15 in Unarmed Combat
 50111 | Abyss:7  | HP: 10/266 [starcursed mass/accursed screaming (6)]
 50111 | Abyss:7  | Paralysed by accursed screaming for 1 turns
 50112 | Abyss:7  | HP: 1/266 [starcursed mass/accursed screaming (9)]
 50116 | Abyss:7  | Paralysed by accursed screaming for 1 turns
 50123 | Abyss:7  | Paralysed by accursed screaming for 1 turns
 50130 | Abyss:7  | Paralysed by accursed screaming for 1 turns
 50134 | Abyss:7  | Paralysed by accursed screaming for 1 turns
 50135 | Abyss:7  | HP: 11/266 [starcursed mass/accursed screaming (13)]
 50135 | Abyss:7  | Mangled by a large abomination

Illustrated notes

Levels and vault maps discovered:
D:1:      scummos_arrival_simple_fountains, layout_rooms,
          hellmonk_ecumenical_altar_inner_sanctum, serial_park_tiny_2,
          nicolae_houndstooth_variations
D:2:      layout_basic, guppyfry_early_lair_pool, uniq_robin, uniq_sigmund,
          uniq_terence
D:3:      layout_loops_ring, nicolae_the_louvre
D:4:      layout_rooms, nicolae_dithmenos_the_darkroom, gup_sewer_entry_glass,
          nicolae_ossuary_entry_plus
D:5:      layout_basic, mainiacjoe_overflow_24_doors,
          minmay_temple_entry_from_below_a, gammafunk_ghost_mausoleum
D:6:      layout_basic, serial_shops, shop, uniq_edmund
D:7:      layout_rooms, mainiacjoe_overflow_surrounded_room,
          mainiacjoe_overflow_cross_hatched, serial_shops,
          nicolae_stop_n_shop_1, nicolae_shop_peninsula
D:8:      layout_rooms, trog_three_pillars_becter, uniq_grum, uniq_gastronok
D:9:      layout_basic, special_room [special_room_orc]
D:10:     layout_roguey, nicolae_vehumet_altar_sigil,
          nicolae_trove_entry_columns, serial_shops, shop, shop,
          nicolae_shop_tiny_statue_garden, shop, shop,
          serial_library_hellmonk_room_b, minmay_misc_feat_enclosed, minivault_5
D:11:     layout_irregular_city, dpeg_oklobed_lair, introduction_to_nature_2
D:12:     layout_loops_ring, erik_orc_2, serial_shops, shop, uniq_nergalle
D:13:     layout_loops_ring, erik_vaults_2, minmay_misc_feat_plants
D:14:     gammafunk_dig_for_victory, layout_basic
D:15:     hangedman_depths_entry_civil_slaughter, layout_loops_ring,
          nicolae_integral_box, chequers_serial_rivers_large_a
Temple:   nicolae_temple_bog_church
Lair:1:   layout_chaotic_city
Lair:2:   gammafunk_indiana_jones, layout_long_grid,
          mainiacjoe_swamp_entry_lozenge_pond, grunt_forest_small_clearings,
          lemuel_fruit_fields, lemuel_fruit_tree, serial_bayou_shore_b
Lair:3:   layout_regular_city, minmay_snake_entry_spellcaster, serial_rivers,
          chequers_serial_rivers_micro_c, chequers_serial_rivers_micro_b,
          chequers_serial_rivers_small_a, chequers_serial_rivers_small_3,
          nicolae_lair_run_with_the_wolves, uniq_sonja
Lair:4:   layout_cave_pods, slime_entry_1, grunt_megastairs_1,
          lemuel_fruit_fields, uniq_urug
Lair:5:   grunt_lair_end_beastmaster, layout_regular_city, grunt_megastairs_2
Swamp:1:  layout_basic_swamp, nicolae_swamp_trees_clearing
Swamp:2:  layout_basic_swamp, evilmike_swamp_ruin_house_5, swamp_pool_1_2,
          infiniplex_staircase_pool
Swamp:3:  tekkud_swamp_unearthing_site, layout_basic_swamp,
          evilmike_swamp_ruin_house_6, nicolae_swamp_big_swirl,
          nicolae_swamp_triple_paths, uniq_bai_suzhen
Swamp:4:  swamp_vile, layout_basic_swamp, swamp_pool_1_2
Snake:1:  layout_gridlike, serial_bayou_crossing
Snake:2:  layout_misc_corridors, uniq_jorgrun, uniq_nikola, uniq_donald
Snake:3:  gammafunk_the_bubble [the_bubble_gammafunk_crates], layout_rooms
Snake:4:  snake_pit_salamanders_mu, layout_rooms, serial_curves, eino_curves_01,
          eino_curves_01, eino_curves_04, uniq_vashnia, uniq_aizul,
          uniq_saint_roka
Orc:1:    layout_caves, basic_altar, serial_shops, uniq_harold, uniq_josephine,
          uniq_erolcha
Orc:2:    kennysheep_orc_mage_school, layout_diamond_mine
Elf:1:    layout_gridlike, serial_shops, shop, hangedman_elf_disciples,
          roderic_lattice_octagonal_star, lemuel_upstairs_altar, uniq_kirke
Elf:2:    elven_hall_of_blades_hangedman_original
          [nicolae_blade_entry_area_security], layout_geoelf_grid, serial_shops,
          shop, uniq_roxanne
Elf:3:    grunt_elf_hall_asides, layout_rooms
Vaults:1: nicolae_vaults_door_testing_chamber, ontoclasm_vaults_spin, v_rooms_4,
          serial_library_regret_index_small_wings, v_misc_19, v_misc_24,
          grunt_vaults_funnel, layout_vaults_big_room
Vaults:2: gammafunk_ghost_crypt, nicolae_vaults_closet_pinwheel_2,
          nicolae_vaults_layer_cake_slice, minmay_crypt_entry_necro_gods,
          nicolae_vaults_prndl, nicolae_vaults_weapon_check,
          nicolae_vaults_tetromino_T_1, hangedman_vaults_stream,
          ontoclasm_vaults_loading_screen, vaults_room_door_hall, v_misc_24,
          layout_vaults_omnigrid
Vaults:3: nicolae_vaults_network_barrier, v_misc_25, hangedman_vaults_maws,
          hangedman_vaults_locks, nicolae_vaults_circle_grid_a, v_rooms_6,
          nicolae_vaults_network_square, nicolae_vaults_storage_closets_2,
          v_misc_13, nicolae_vaults_storage_room_glass, vaults_dpeg_ring,
          layout_vaults_omnicross, uniq_jory, uniq_norris
Vaults:4: hangedman_vaults_nodes, ontoclasm_vaults_misaligned,
          nicolae_vaults_surprise_closet, hangedman_vaults_stagger, v_pattern_4,
          nicolae_vaults_storage_closets_3, vaults_dpeg_diagonal,
          vaults_mumra_chevron_long, minmay_guarded_unrand_guard_vaults,
          nicolae_vaults_heart-shaped_vault,
          nicolae_vaults_variable_pillar_hall, grunt_vaults_bifocal,
          layout_vaults_omnibox
Vaults:5
Crypt:1:  layout_chaotic_city, serial_library_hellmonk_room_b, minivault_19,
          grunt_megastairs_5, uniq_mennas, uniq_josephina
Crypt:2:  layout_misc_corridors
Crypt:3:  grunt_crypt_end_deaths_head
Depths:1: minmay_the_grid_triangle_9x9_rhombus_thin_mashed
          [minmay_the_grid_triangle_9x9_zippers_vertical,
          minmay_the_grid_triangle_9x9_prize_special,
          minmay_the_grid_triangle_9x9_negative_grid,
          minmay_the_grid_triangle_9x9_from_above], layout_cave_pools,
          enter_ziggurat_a, grunt_hell_entry_dis_mu, mu_enter_wizlab_2,
          minmay_misc_feat_four_crosses, statue_in_the_mist_lemuel,
          minmay_misc_feat_hallway, lightli_gold_pyramid
Depths:2: thingy_vault, layout_gridlike, pf_coc_iceberg, rand_demon_pan_entry_9,
          serial_shops, nicolae_shop_statue_plus, kiku_gazebo_pond_becter,
          abyss_entry, grunt_ministairs_12, infiniplex_staircase_pillars_2,
          serial_bayou_shore_b
Depths:3: minmay_curly_fans, layout_gridville, hell_entry,
          minmay_room_of_horrors, grunt_gozag_breadcrumbs,
          minmay_staircase_bubble
Depths:4: grunt_crosshair, layout_cave_pools, gammafunk_ghost_split,
          abyss_entry, grunt_hell_horde, nicolae_transporter_intersection,
          uniq_xtahua, uniq_boris
Abyss:7:  base: D:11, evilmike_abyss_exit_7,
          hangedman_grunt_abyss_rune_horror_hoard, evilmike_abyss_exit_13

Skill      XL: |  1  2  3  4  5  6  7  8  9 10 11 12 13 14 15 16 17 18 19 20 21 22 23 24 25 26 |
---------------+-------------------------------------------------------------------------------+-----
Fighting       | 4 5 6 7 8 10 12 13 15 16 17 20 21 23 25 26 27 | 27.0
Axes           | 3 4 5 6 8 10 12 13 15 16 17 18 19 21 22 24 25 26 | 26.0
Invocations    | 1 5 8 9 10 14 15 | 15.2
Armour         | 6 11 14 15 16 19 21 23 24 | 24.3
Shields        | 6 11 13 15 17 19 21 22 23 | 23.5
Dodging        | 7 11 12 14 16 18 20 21 22 | 22.0
Unarmed Combat | 7 13 15 | 15.2

Action                     |  1- 3 |  4- 6 |  7- 9 | 10-12 | 13-15 | 16-18 | 19-21 | 22-24 | 25-27 || total
---------------------------+-------+-------+-------+-------+-------+-------+-------+-------+-------++-------
  Melee: War axe           |    56 |   138 |   308 |   466 |   200 |       |       |       |       ||  1168
         Headbutt          |     3 |    19 |    53 |    93 |   152 |   208 |   196 |   303 |   179 ||  1206
         Broad axe         |       |       |       |       |   471 |   805 |   814 |  1016 |   549 ||  3655
         Morningstar       |       |       |       |       |    20 |    65 |       |       |       ||    85
         Executioner's axe |       |       |       |       |       |       |       |       |    23 ||    23
 Invoke: Heroism           |       |       |       |     7 |     4 |     6 |     7 |     4 |       ||    28
         Finesse           |       |       |       |     2 |     2 |     9 |     8 |     4 |       ||    25
         Receive Weapon    |       |       |       |       |     1 |       |       |       |       ||     1
         Receive Armour    |       |       |       |       |     1 |       |       |       |       ||     1
         Cleansing Flame   |       |       |       |       |       |       |       |       |    26 ||    26
         Divine Shield     |       |       |       |       |       |       |       |       |     6 ||     6
         Brand Weapon With |       |       |       |       |       |       |       |       |     1 ||     1
         Summon Divine War |       |       |       |       |       |       |       |       |     1 ||     1
  Evoke: Wand              |       |       |       |       |    10 |       |       |       |       ||    10
    Use: Scroll            |     4 |     3 |    13 |     7 |     5 |     3 |    13 |     7 |     1 ||    56
         Potion            |       |     1 |     3 |     3 |     1 |       |     3 |     7 |    11 ||    29
 Armour: Scale mail        |    42 |    91 |    71 |       |       |       |       |       |       ||   204
         Plate armour      |       |       |   214 |   200 |       |       |       |       |       ||   414
         Chain mail        |       |       |       |   117 |   535 |   760 |   564 |       |       ||  1976
         Gold dragon scale |       |       |       |       |       |       |   107 |   582 |   361 ||  1050
  Dodge: Dodged            |    30 |    68 |   156 |    83 |   171 |   343 |   330 |   503 |   397 ||  2081
  Block: Buckler           |    17 |    25 |    73 |       |       |       |       |       |       ||   115
         Kite shield       |       |       |       |   299 |   682 |  1205 |   998 |  1342 |   929 ||  5455
         Reflection        |       |       |       |       |     7 |   120 |    65 |   106 |    31 ||   329
         Other             |       |       |       |       |       |       |       |       |     1 ||     1

Table legend: (Time is in decaauts)
 A = Elapsed time spent in this place.
 B = Non-inter-level travel time spent in this place.
 C = Inter-level travel time spent in this place.
 D = Time resting spent in this place.
 E = Time spent auto-exploring this place.
 F = Levels seen in this place.
 G = Mean time per level.
                   A        B        C        D        E       F      G
               +--------+--------+--------+--------+--------+-----+--------+
         Total |  50274 |  46669 |   3605 |   7713 |  25631 |  55 |  914.1 |
       Dungeon |  14284 |  12890 |   1394 |   2179 |   7386 |  15 |  952.3 |
        Temple |     38 |     17 |     21 |      0 |      0 |   1 |   38.0 |
          Lair |   6562 |   6098 |    464 |   1194 |   3626 |   5 | 1312.4 |
         Swamp |   2702 |   2540 |    162 |    241 |   1438 |   4 |  675.5 |
     Snake Pit |   3834 |   3677 |    157 |    427 |   1978 |   4 |  958.5 |
  Orcish Mines |   1529 |   1285 |    244 |     92 |    780 |   2 |  764.5 |
   Elven Halls |   3304 |   3121 |    183 |    232 |   1654 |   3 | 1101.3 |
        Vaults |   8185 |   7589 |    596 |   1647 |   4367 |   5 | 1637.0 |
         Crypt |   3106 |   2943 |    163 |    448 |   1512 |   3 | 1035.3 |
        Depths |   4862 |   4644 |    218 |   1002 |   2459 |   4 | 1215.5 |
         Abyss |   1244 |   1244 |      0 |     77 |    359 |   7 |  177.7 |
       Ossuary |    238 |    238 |      0 |     46 |      0 |   1 |  238.0 |
        Wizlab |    381 |    381 |      0 |    125 |     70 |   1 |  381.0 |
               +--------+--------+--------+--------+--------+-----+--------+

Top non-repeatable levels by time:
Vaults:5: 1953 daAuts
Vaults:4: 1948 daAuts
  Lair:2: 1744 daAuts
Vaults:3: 1549 daAuts
  Lair:4: 1479 daAuts
     D:6: 1417 daAuts
Vaults:2: 1375 daAuts
Vaults:1: 1359 daAuts
Depths:2: 1324 daAuts
   Elf:2: 1309 daAuts
Depths:3: 1293 daAuts
Depths:1: 1235 daAuts
    D:10: 1232 daAuts
 Snake:4: 1232 daAuts
  Lair:5: 1230 daAuts
